 Dungeon Crawl Stone Soup version 0.17-a0-1310-gaf4f4d6 (webtiles) character file.

5537 Chiseanne the Jinx (level 10, 42/44 HPs)
             Began as a Spriggan Enchanter on June 8, 2015.
             Was an Initiate of Gozag.
             Quit the game on level 2 of the Orcish Mines.
             The game lasted 00:55:32 (10716 turns).

Chiseanne the Jinx (Spriggan Enchanter)            Turns: 10716, Time: 00:55:32

Health: 42/44      AC:  7    Str:  4    XL:     10   Next: 43%
Magic:  1/26       EV: 25    Int: 18    God:    Gozag
Gold:   1337       SH:  0    Dex: 19    Spells: 5 memorised, 19 levels left

rFire  + . .     SeeInvis +     a - +2 short sword (flame)
rCold  + . .     Clarity  .     G - +2 robe {rF+}
rNeg   . . .     SustAt   .     (shield restricted)
rPois  +         Gourm    .     (helmet restricted)
rElec  .         Spirit   .     y - +2 cloak
rCorr  .         Warding  .     (gloves unavailable)
rMut   .         Stasis   .     (boots unavailable)
MR     +....                    (no amulet)
Stlth  +++++.....               D - ring of protection from cold
                                A - ring of poison resistance

@: very quick, somewhat resistant to hostile enchantments, quite stealthy
A: unfitting armour, see invisible, herbivore 3, speed 3, slow metabolism 2
a: Potion Petition, Call Merchant, Bribe Branch, Renounce Religion


You were on level 2 of the Orcish Mines.
You worshipped Gozag.
Gozag was noncommittal.
You were not hungry.

You visited 3 branches of the dungeon, and saw 12 of its levels.

You collected 1650 gold pieces.
You spent 270 gold pieces at shops.
You paid 43 gold pieces to Gozag.

Inventory:

Hand weapons
 a - a +2 short sword of flaming (weapon)
 b - a +1 short sword of venom
 j - a +0 rapier
 s - a +2 falchion of slicing
 w - a +0 blowgun
 F - a +1 short sword of freezing
Missiles
 f - 89 arrows
 g - 14 silver bolts
 k - 16 poisoned bolts
 l - 44 tomahawks (quivered)
 n - 30 bolts
 p - 4 curare-tipped needles
 u - 17 arrows of frost
 x - 13 sling bullets
Armour
 y - a +2 cloak (worn)
 G - a +2 robe of fire resistance (worn)
Jewellery
 A - a ring of poison resistance (left hand)
 D - a ring of protection from cold (right hand)
Magical devices
 t - a wand of invisibility (1)
Scrolls
 e - 3 scrolls of remove curse
 m - 2 scrolls of teleportation
 r - a scroll of amnesia
 v - a scroll of enchant armour
 B - 2 scrolls of blinking
 C - 3 scrolls of identify
 E - a scroll of recharging
Potions
 i - a potion of mutation
 o - 2 potions of curing
 q - 3 potions of flight
 z - 2 potions of heal wounds
Books
 c - a book of Maledictions

   Spells                             Type                      Level
   a - Corona                         Hexes                        1
   b - Ensorcelled Hibernation        Hexes/Ice                    2
   c - Confuse                        Hexes                        3
   d - Tukima's Dance                 Hexes                        3
   e - Dazzling Spray                 Conjuration/Hexes            3
Comestibles
 d - 3 bread rations


   Skills:
 * Level 5.1 Short Blades
 * Level 8.2 Dodging
 - Level 8.5 Stealth
 * Level 11.3 Spellcasting
 * Level 11.4 Hexes


You had 19 spell levels left.
You knew the following spells:

 Your Spells              Type           Power        Failure   Level  Hunger
a - Corona                Hex            ######.      1%          1    None
b - Ensorcelled Hibernat  Hex/Ice        ####..       1%          2    None
c - Confuse               Hex            ######..     1%          3    None
d - Tukima's Dance        Hex            ######..     1%          3    None
e - Dazzling Spray        Conj/Hex       ####....     1%          3    None


Dungeon Overview and Level Annotations

Branches:
Dungeon (9/15)             Temple (1/1) D:4             Orc (2/4) D:9
   Lair: D:8-11

Altars:
Ashenzari
Cheibriados
Dithmenos
Elyvilon
Fedhas
Gozag
Kikubaaqudgha
Makhleb
Nemelex Xobeh
Okawaru
Qazlal
Ru
Sif Muna
Xom
Zin
The Shining One
Beogh

Shops:
D:5 *

Annotations:
D:6 Max123's ghost, experienced MiBe


Innate Abilities, Weirdness & Mutations

You are tiny and cannot use many weapons and most armour.
You have supernaturally acute eyesight.
You are a herbivore.
You cover ground extremely quickly.
You need consume almost no food.


Message History

Casting: Tukima's Dance
Confirm with . or Enter, or press ? or * to list all spells.
Aiming: Tukima's Dance
Press: ? - help, Shift-Dir - straight line, f - orc priest
Aim: an orc priest, wielding a flail (almost dead, chance to defeat MR: 93%)
The orc priest barely resists.
The orc priest calls down the wrath of Beogh upon you.
You easily resist.
The orc closely misses you.
Casting: Tukima's Dance
Confirm with . or Enter, or press ? or * to list all spells.
You don't have enough magic to cast that spell.
Unknown command.
The orc priest shouts!
You hit the orc priest. You burn the orc priest.
You kill the orc priest!
An orc comes into view.
Things that are here:
10 gold pieces; a dagger; a leather armour The orc is distracted by the nearby gold.
Are you sure you want to abandon this character and quit the game? (Confirm with "yes".)

## #########.##
##.#.##.@...##
#............#
##................
#...$..o........#.
##..$$............
#.$o$..o.........
#()$o.o).>....#..
......o.......... #
...$.(....#.$........#


You could see an orc priest, an orc wizard and 4 orcs.

Vanquished Creatures
  An orc warlord (Orc:1)
  Maurice (D:8)
  An orc sorcerer (Orc:2)
  Grinder (D:5)
  A hippogriff (D:9)
  2 wargs
  Duvessa (D:4)
  2 phantoms
  2 water moccasins (D:5)
  A sky beast (D:6)
  2 ice beasts
  An orc warrior (D:6)
  A centaur (D:5)
  2 ogres (D:5)
  Blork the orc (D:4)
  Dowan (Temple)
  3 giant frogs
  2 scorpions
  2 giant frog zombies
  A hound (D:7)
  A centaur skeleton (D:8)
  A jelly (D:9)
  5 orc priests
  3 orc wizards
  2 iguanas
  5 worker ants
  A mummy (D:7)
  A worker ant zombie (D:6)
  7 gnolls
  A shadow imp (D:5)
  14 adders
  An ooze (D:2)
  4 worms
  34 orcs
  A bat zombie (D:5)
  9 giant cockroaches
  22 hobgoblins
  3 jackals (D:2)
  10 kobolds
  6 quokkas
  2 ball pythons
  11 bats
  5 giant geckos
  A giant gecko zombie (D:8)
  8 giant newts
  7 goblins
  16 rats
210 creatures vanquished.

Vanquished Creatures (collateral kills)
  12 orc warriors
  An ogre (Orc:1)
  66 orcs
  5 orc priests
  12 orc wizards
  2 gnolls (D:6)
  4 goblins (Orc:2)
  A quokka zombie (D:5)
103 creatures vanquished.

Vanquished Creatures (others)
  2 dancing weapons
2 creatures vanquished.

Grand Total: 315 creatures vanquished

Notes
Turn   | Place    | Note
--------------------------------------------------------------
     0 | D:1      | Chiseanne the Spriggan Enchanter began the quest for the Orb.
     0 | D:1      | Reached XP level 1. HP: 9/9 MP: 5/5
   865 | D:1      | Reached XP level 2. HP: 7/13 MP: 4/6
  1016 | D:1      | Learned a level 2 spell: Ensorcelled Hibernation
  1318 | D:1      | Reached skill level 5 in Stealth
  1333 | D:1      | Reached XP level 3. HP: 16/16 MP: 0/8
  1402 | D:1      | Learned a level 3 spell: Confuse
  2108 | D:2      | Reached skill level 6 in Stealth
  2118 | D:2      | Reached XP level 4. HP: 21/21 MP: 6/9
  2455 | D:2      | Learned a level 3 spell: Tukima's Dance
  2647 | D:3      | Found a sparkling altar of Nemelex Xobeh.
  2649 | D:3      | Found a shadowy altar of Dithmenos.
  2662 | D:3      | Reached XP level 5. HP: 22/24 MP: 8/11
  2850 | D:3      | Reached skill level 7 in Stealth
  3578 | D:4      | Noticed Duvessa
  3578 | D:4      | Noticed Dowan
  3583 | D:4      | Reached XP level 6. HP: 28/28 MP: 6/13
  3677 | D:4      | Found a staircase to the Ecumenical Temple.
  3677 | D:4      | Noticed Blork the orc
  3732 | D:4      | Killed Duvessa
  3732 | D:4      | Reached skill level 8 in Stealth
  3732 | D:4      | Reached skill level 5 in Hexes
  4112 | Temple   | Entered the Ecumenical Temple
  4114 | Temple   | Killed Dowan
  4243 | D:4      | Killed Blork the orc
  4243 | D:4      | Reached skill level 5 in Spellcasting
  4243 | D:4      | Reached XP level 7. HP: 25/32 MP: 0/15
  4567 | D:5      | Entered Level 5 of the Dungeon
  4749 | D:5      | Reached skill level 5 in Dodging
  4780 | D:5      | Learned a level 3 spell: Dazzling Spray
  4793 | D:5      | Noticed Grinder
  4795 | D:5      | Paralysed by Grinder for 5 turns
  5084 | D:5      | Found Saefeuf's Serpentskin Sales.
  5088 | D:5      | Reached XP level 8. HP: 36/36 MP: 17/19
  5098 | D:5      | Found an opulent altar of Gozag.
  5107 | D:5      | Became a worshipper of Gozag Ym Sagoz the Greedy
  5222 | D:5      | Killed Grinder
  5912 | D:6      | Found a glowing golden altar of the Shining One.
  6119 | D:6      | Found a burning altar of Makhleb.
  6200 | D:6      | Noticed Max123's ghost (experienced MiBe)
  6265 | D:6      | Reached XP level 9. HP: 33/39 MP: 13/22
  6414 | D:6      | Reached skill level 9 in Spellcasting
  6560 | D:5      | Bought a +0 blowgun for 30 gold pieces
  6560 | D:5      | Bought an uncursed ring of poison resistance for 240 gold pieces
  6624 | D:7      | Found a runed door.
  6892 | D:7      | Found a roughly hewn altar of Beogh.
  7059 | D:7      | Found a blossoming altar of Fedhas.
  7185 | D:7      | Found a snail-covered altar of Cheibriados.
  7343 | D:7      | Found a glowing silver altar of Zin.
  7343 | D:7      | Found a burning altar of Makhleb.
  7344 | D:7      | Noticed a balrug
  7344 | D:7      | Noticed an angel
  8082 | D:8      | Found a deep blue altar of Sif Muna.
  8518 | D:8      | Noticed Maurice
  8561 | D:8      | Killed Maurice
  9089 | D:9      | Reached skill level 10 in Hexes
  9193 | D:9      | Reached skill level 10 in Spellcasting
  9294 | D:9      | Found a staircase to the Orcish Mines.
  9310 | Orc:1    | Entered Level 1 of the Orcish Mines
  9398 | Orc:2    | Noticed an orc sorcerer
 10034 | Orc:2    | Killed an orc sorcerer
 10034 | Orc:2    | Reached XP level 10. HP: 44/44 MP: 7/25
 10109 | Orc:2    | Noticed an orc warlord
 10227 | Orc:1    | Killed an orc warlord
 10227 | Orc:1    | Reached skill level 5 in Short Blades
 10227 | Orc:1    | Reached skill level 11 in Spellcasting
 10716 | Orc:2    | Quit the game

Vault maps used:
D:1:      minmay_arrival_doors
D:2:      minmay_misc_feat_enclosed
D:3:      grunt_temple_overflow_open, first_bread
D:4:      minmay_temple_entry_crystal_x, uniq_blork_the_orc, uniq_duvessa
D:5:      nicolae_overflow_crystal_walls, guppyfry_shop_venom, uniq_grinder
D:6:      tso_metal_star, serial_curves, eino_curves_01, eino_curves_02,
          basic_altar
D:7:      grunt_temple_overflow_order_and_chaos_2,
          lemuel_coloured_pillars_altar, slow_altar_2, lightli_church_of_beogh
D:8:      lemuel_round_altar, nrook_mini_backslash, uniq_maurice
D:9:      minitemple, basic_altar
Temple:   nicolae_temple_great_sept
Orc:1:    serial_shops, shop

Action                   |  1- 3 |  4- 6 |  7- 9 | 10-12 || total
-------------------------+-------+-------+-------+-------++-------
Melee: Dagger            |    72 |    55 |       |       ||   127
       Short sword       |       |    70 |   267 |    33 ||   370
 Fire: Blowgun           |       |       |     8 |     8 ||    16
Throw: Throwing net      |       |       |       |     1 ||     1
 Cast: Corona            |     6 |     4 |     6 |     1 ||    17
       Ensorcelled Hiber |    18 |    42 |    19 |     2 ||    81
       Tukima's Dance    |       |     3 |    56 |    27 ||    86
       Confuse           |       |     2 |    35 |     2 ||    39
  Use: Scroll            |     5 |     5 |     7 |       ||    17
       Potion            |       |     1 |       |       ||     1
 Stab: Sleeping          |    26 |    42 |    53 |     2 ||   123
       Invisible         |       |     2 |       |       ||     2
       Confused          |       |     1 |    18 |     1 ||    20
       Distracted        |       |     1 |     4 |     1 ||     6
  Eat: Bread ration      |       |     1 |     1 |       ||     2
       Royal jelly       |       |       |     1 |       ||     1
